 Dungeon Crawl Stone Soup version 0.30-a0-881-g1ff12e1e11 (webtiles) character file.

Game seed: 11069643004634272341

10959 BlueFish the Covert (level 11, -12/80 HPs)
             Began as a Vampire Enchanter on Mar 14, 2023.
             Was a High Priest of Dithmenos.
             Mangled by a boulder beetle (22 damage)
             ... on level 9 of the Dungeon.
             The game lasted 00:33:42 (11690 turns).

BlueFish the Covert (Vampire Enchanter)            Turns: 11690, Time: 00:33:43

Health: -12/80     AC:  4    Str:  7    XL:     11   Next: 43%
Magic:  1/35       EV: 16    Int: 17    God:    Dithmenos [*****.]
Gold:   639        SH:  0    Dex: 20    Spells: 6/21 levels left

rFire   . . .      SeeInvis +    a - +3 dagger (freeze)
rCold   . . .      Faith    +    (no shield)
rNeg    . . .      Spirit   .    l - +0 robe
rPois   .          Reflect  .    (no helmet)
rElec   .          Rampage  .    h - +0 cloak
rCorr   .                        (no gloves)
Will    +....                    F - +0 pair of boots
Stlth   ++++++++                 m
                                   - Hermit's Pendant {Faith Invo=14 Evo=0 MP+5}
HPRegen 0.53/turn                M - ring of flight
MPRegen 0.24/turn                S - ring of magical power

@: flying, very slightly contaminated, healing quickly, wreathed by umbra
A: alive, fangs 3, see invisible, vampiric 2
a: Exsanguinate, Renounce Religion, Shadow Step, Shadow Form


You were on level 9 of the Dungeon.
You worshipped Dithmenos.
Dithmenos was extremely pleased with you.
You visited 2 branches of the dungeon, and saw 10 of its levels.
You also visited: Bailey.

You collected 821 gold pieces.
You spent 182 gold pieces at shops.

Inventory:

Hand Weapons
 a - a +3 dagger of freezing (weapon)
 v - a +1 dagger
 B - a +0 rapier
 E - a +3 short sword
 J - a +4 falchion
Missiles
 t - 21 poisoned darts (quivered)
 G - 2 boomerangs
 Q - 2 throwing nets
Armour
 f - a scarf of resistance
 h - a +0 cloak (worn)
 l - a +0 robe (worn)
 D - a +3 ring mail of fire resistance
 F - a +0 pair of boots (worn)
Jewellery
 m - the Hermit's Pendant (around neck) {Faith Invo=14 Evo=0 MP+5}
   (You took it off a goblin on level 2 of the Dungeon)

   [amulet of faith]

   Invo=14: It sets your Invocations skill to 14.
   Evo=0: It sets your Evocations skill to 0.
   It allows you to gain divine favour quickly.
   MP:        It affects your magic capacity (+5).
 A - a ring of poison resistance
 M - a ring of flight (left hand)
 N - a ring of resist corrosion
 S - a ring of magical power (right hand)
Wands
 d - a wand of roots (4)
 g - a wand of paralysis (4)
Scrolls
 e - 5 scrolls of blinking
 i - 4 scrolls of teleportation
 j - 2 scrolls of enchant weapon
 n - a scroll of amnesia
 o - 3 scrolls of poison
 q - a scroll of vulnerability
 w - a scroll of torment
 y - 2 scrolls of summoning
 I - a scroll of magic mapping
 O - a scroll of silence {unknown}
 P - a scroll of immolation {unknown}
 R - a scroll of fog
Potions
 b - 2 potions of lignification
 c - a potion of invisibility
 k - 2 potions of magic
 p - a potion of haste
 r - 2 potions of attraction
 u - a potion of brilliance
 x - 3 potions of curing
 z - 2 potions of ambrosia
 C - 3 potions of flight
 K - a potion of berserk rage
 L - a potion of resistance


   Skills:
 + Level 5.2 Fighting
 + Level 6.3 Short Blades
 + Level 4.4 Throwing
 + Level 4.7 Armour
 + Level 6.9 Dodging
 + Level 10.4 Stealth
 + Level 5.5 Spellcasting
 + Level 9.5 Hexes
 + Level 1.8 Necromancy
 + Level 4.7(14.0) Invocations
 + Level 4.7(0.0) Evocations


You had 6 spell levels left.
You knew the following spells:

 Your Spells              Type           Power      Damage    Failure   Level
a - Ensorcelled Hibernat  Hex/Ice        40%        N/A       3%          2
b - Confusing Touch       Hex            37%        N/A       1%          3
c - Tukima's Dance        Hex            37%        N/A       1%          3
d - Slow                  Hex            100%       N/A       1%          1
e - Dazzling Flash        Conj/Hex       40%        N/A       6%          3
f - Vampiric Draining     Necr           11%        2d6       19%         3

Your spell library contained the following spells:

 Spells                   Type           Power      Damage    Failure   Level
 Fulminant Prism          Conj/Hex       10%        3d8       19%         4
 Passwall                 Tmut/Erth      3%         N/A       21%         2
 Ignite Poison            Fire/Tmut/Pois 4%         N/A       38%         3
 Kindle Blastsparks       Fire/Tloc/Air  8%         2d10      38%         3
 Swiftness                Air            4%         N/A       38%         3
 Iskenderun's Mystic Bla  Conj/Tloc      4%         2d3       80%         4
 Freezing Cloud           Conj/Ice/Air   2%         6-21      98%         5
 Lee's Rapid Deconstruct  Erth           2%         3d4*      98%         5


Dungeon Overview and Level Annotations

Branches:
Dungeon (9/15)             Temple (1/1) D:4            Lair (0/5) D:9
    Orc (0/2) D:9          Bailey (visited)

Altars:
Ashenzari
Dithmenos
Fedhas
Gozag
Hepliaklqana
Kikubaaqudgha
Makhleb
Nemelex Xobeh
Okawaru
Qazlal
Ru
Sif Muna
Trog
Uskayaw
Vehumet
Xom
Yredelemnul

Shops:
D:3 [   D:8 ?


Innate Abilities, Weirdness & Mutations

Your natural rate of healing is accelerated.
You have razor-sharp teeth.
You have supernaturally acute eyesight. (SInv)
You are afflicted with vampirism and can become a bat while bloodless.


Message History

Press: ? - help, Shift-Dir - straight line, f/p - boulder beetle
Aim: a boulder beetle (heavily wounded, umbra)
You draw life force from the boulder beetle.
You feel life coursing into your body.
Your shadow mimicks your spell!
Your shadow draws life force from the boulder beetle!
Your shadow is healed by the life force!
The boulder beetle bites you!
* * * LOW HITPOINT WARNING * * *
Casting: Vampiric Draining (dangerous; 19% risk of failure)
Confirm with . or Enter, or press ? or * to list all spells.
Aiming: Vampiric Draining (dangerous; 19% risk of failure)
Press: ? - help, Shift-Dir - straight line, f/p - boulder beetle
Aim: a boulder beetle (severely wounded, umbra)
You draw life force from the boulder beetle!
You feel life coursing into your body. The boulder beetle bites you!
* * * LOW HITPOINT WARNING * * *
Okay, then.
Okay, then.
Okay, then.
Aiming: Paralyse
Press: ? - help, Shift-Dir - straight line, f/p - boulder beetle
Aim: a boulder beetle (almost dead, umbra, chance to affect: 31%)
Okay, then.
Casting: Vampiric Draining (dangerous; 19% risk of failure)
Confirm with . or Enter, or press ? or * to list all spells.
Aiming: Vampiric Draining (dangerous; 19% risk of failure)
Press: ? - help, Shift-Dir - straight line, f/p - boulder beetle
Aim: a boulder beetle (almost dead, umbra)
You miscast Vampiric Draining.
You are very lightly contaminated with residual magic.
Nothing appears to happen.
The boulder beetle closely misses you.
Casting: Vampiric Draining (dangerous; 19% risk of failure)
Confirm with . or Enter, or press ? or * to list all spells.
Aiming: Vampiric Draining (dangerous; 19% risk of failure)
Press: ? - help, Shift-Dir - straight line, f/p - boulder beetle
Aim: a boulder beetle (almost dead, umbra)
You miscast Vampiric Draining.
Nothing appears to happen.
The boulder beetle bites you!!
You die...

.................##
.................#
.................#
............)....###
...................##
....................##
###########..........##
#...........#
#.....@.....#
#.....B.....#
#......⌠....#
#............#
#..........#.#
#####......#.. ###.....
####.#


You could see a boulder beetle.

Vanquished Creatures
  A centaur warrior (D:9)
  A tengu warrior (D:9)
  A deep elf zephyrmancer (Bailey)
  A cyclops (D:9)
  2 hornets
  A troll (D:9)
  2 wyverns (D:9)
  A yak (D:6)
  A steam dragon (D:8)
  A basilisk (D:9)
  5 water moccasins (D:9)
  A sky beast (D:7)
  3 black bears
  8 orc warriors
  5 ice beasts
  2 ogres (D:6)
  4 centaurs
  2 wolves (D:9)
  3 phantoms
  2 kobold brigands (D:7)
  A bullfrog (D:6)
  A necrophage (D:8)
  4 scorpions
  8 wights
  13 killer bees
  3 troll zombies (D:9)
  2 howler monkeys (D:9)
  5 quasits (D:7)
  7 hounds
  2 centaur zombies (D:8)
  A human zombie (D:8)
  3 orc priests
  4 sleepcaps
  A gnoll bouda (D:4)
  3 iguanas
  6 orc wizards
  Terence (D:2)
  A killer bee zombie (D:8)
  5 ogre zombies (D:9)
  4 mummies (D:8)
  A howler monkey zombie (D:8)
  9 adders
  11 gnolls
  2 shadow imps (D:7)
  7 white imps
  10 ufetubi
  2 dart slugs
  2 worms
  43 orcs
  8 ball pythons
  4 bats
  8 endoplasms
  3 giant cockroaches
  10 goblins
  3 hobgoblins
  2 jackals (D:2)
  3 quokkas
  6 frilled lizards
  3 goblin zombies (D:9)
  2 hobgoblin skeletons (D:9)
  A hobgoblin zombie (D:9)
  19 kobolds
  2 orc skeletons (D:9)
  15 orc zombies (D:9)
  17 rats
315 creatures vanquished.

Vanquished Creatures (collateral kills)
  A two-headed ogre (D:8)
  An orc knight (Bailey)
  3 orc warriors (Bailey)
  A wight (D:7)
  2 killer bees (D:8)
  A gnoll bouda (D:8)
  3 gnolls (D:8)
  An ufetubus (D:7)
  4 orcs
  2 goblins (D:7)
19 creatures vanquished.

Vanquished Creatures (others)
  12 dancing weapons
  An ogre (D:7)
  2 demonic plants (D:7)
  4 fungi
  35 plants
54 creatures vanquished.

Grand Total: 388 creatures vanquished

Notes
Turn   | Place    | Note
-------+----------+-------------------------------------------
     0 | D:1      | BlueFish the Vampire Enchanter began the quest for the Orb.
     0 | D:1      | Reached XP level 1. HP: 13/13 MP: 3/3
    61 | D:1      | Reached XP level 2. HP: 19/19 MP: 5/5
    76 | D:1      | Learned a level 2 spell: Ensorcelled Hibernation
   238 | D:1      | Found a faded altar of an unknown god.
   465 | D:1      | Gained mutation: You are afflicted with vampirism and can
                  | become a bat while bloodless. [Vampire growth]
   465 | D:1      | Reached XP level 3. HP: 25/25 MP: 6/6
   878 | D:2      | Learned a level 3 spell: Confusing Touch
  1016 | D:2      | Noticed a scorpion
  1018 | D:2      | Noticed Terence
  1037 | D:2      | Killed Terence
  1038 | D:2      | Reached skill level 1 in Fighting
  1038 | D:2      | Reached skill level 5 in Stealth
  1038 | D:2      | Reached XP level 4. HP: 32/32 MP: 4/7
  1197 | D:2      | Reached skill level 5 in Hexes
  1423 | D:2      | Killed a scorpion
  1424 | D:2      | Reached skill level 1 in Armour
  1424 | D:2      | Reached XP level 5. HP: 37/37 MP: 5/8
  1428 | D:2      | Learned a level 3 spell: Tukima's Dance
  2074 | D:3      | Found Hudiofuu's Antique Armour Shoppe.
  2381 | D:3      | Found a radiant altar of Vehumet.
  2513 | D:3      | Found a stormy altar of Qazlal.
  2800 | D:3      | Reached XP level 6. HP: 30/43 MP: 1/10
  3506 | D:4      | Found a hide-covered altar of Uskayaw.
  3542 | D:4      | Found a staircase to the Ecumenical Temple.
  3550 | Temple   | Entered the Ecumenical Temple
  3632 | Temple   | Became a worshipper of Dithmenos the Shadowed
  3821 | D:4      | Reached skill level 6 in Stealth
  3956 | D:5      | Entered Level 5 of the Dungeon
  3968 | D:5      | Found a burning altar of Makhleb.
  3975 | D:5      | Reached skill level 1 in Throwing
  3975 | D:5      | Reached skill level 1 in Evocations
  4130 | D:5      | Found a shimmering altar of Xom.
  4150 | D:5      | Found a shimmering altar of Xom.
  4150 | D:5      | Found a shimmering altar of Xom.
  4150 | D:5      | Found a shimmering altar of Xom.
  4151 | D:5      | Found a shimmering altar of Xom.
  4153 | D:5      | Found a shimmering altar of Xom.
  4207 | D:5      | Noticed an ice beast
  4211 | D:5      | Killed an ice beast
  4212 | D:5      | Reached XP level 7. HP: 50/50 MP: 11/11
  4298 | D:5      | Reached skill level 1 in Invocations
  4783 | D:5      | Reached XP level 8. HP: 57/57 MP: 9/12
  4785 | D:5      | Learned a level 1 spell: Slow
  4789 | D:5      | Learned a level 3 spell: Dazzling Flash
  4843 | D:5      | Reached * piety under Dithmenos
  5202 | D:6      | Reached skill level 7 in Stealth
  5430 | D:6      | Identified the +2 leather armour "Kesekud" {rPois}
  5613 | D:6      | Noticed a troll
  5751 | D:6      | Found a basalt altar of Yredelemnul.
  6187 | D:7      | Reached ** piety under Dithmenos
  6200 | D:7      | Reached XP level 9. HP: 62/64 MP: 8/14
  6299 | D:7      | Found a flagged portal.
  6338 | Bailey   | Entered a bailey
  6497 | Bailey   | Reached skill level 5 in Dodging
  6556 | Bailey   | Reached skill level 8 in Stealth
  6775 | Bailey   | Found a large runed translucent door.
  6775 | Bailey   | Found a large runed translucent door.
  6776 | Bailey   | Noticed a deep elf zephyrmancer
  6789 | Bailey   | Noticed an orc knight
  6909 | Bailey   | Killed an orc knight
  7026 | Bailey   | Killed a deep elf zephyrmancer
  7042 | Bailey   | Identified the +0 gold dragon scales of Lucidity {Fly rPois
                  | rF+ rC+ Str+2 Int+2}
  7043 | Bailey   | Identified the +2 ring mail of the Cicada {Will+ Int-4
                  | Dex+3 SInv}
  7124 | D:7      | Reached skill level 5 in Short Blades
  7320 | D:7      | Reached *** piety under Dithmenos
  7335 | D:7      | Reached XP level 10. HP: 24/71 MP: 7/16
  7609 | D:7      | Reached skill level 9 in Stealth
  8168 | D:7      | Found a bloodstained altar of Trog.
  8296 | D:7      | Found a blossoming altar of Fedhas.
  8842 | D:8      | Noticed a two-headed ogre
  8858 | D:8      | Killed a two-headed ogre
  8859 | D:8      | Reached skill level 5 in Spellcasting
  8991 | D:8      | Found a sacrificial altar of Ru.
  9155 | D:8      | Reached **** piety under Dithmenos
  9173 | D:8      | Found an ancient bone altar of Kikubaaqudgha.
  9249 | D:8      | Found Tugrax's Magic Scroll Boutique.
  9256 | D:8      | Bought a scroll of identify for 28 gold pieces
  9256 | D:8      | Bought a scroll of noise for 14 gold pieces
  9256 | D:8      | Bought a scroll of teleportation for 42 gold pieces
  9256 | D:8      | Bought a scroll of fog for 56 gold pieces
  9256 | D:8      | Bought a scroll of teleportation for 42 gold pieces
 10105 | D:9      | Reached ***** piety under Dithmenos
 10209 | D:9      | Noticed a manticore
 10397 | D:9      | Reached XP level 11. HP: 64/78 MP: 21/21
 10475 | D:9      | Learned a level 3 spell: Vampiric Draining
 10509 | D:9      | Found a staircase to the Orcish Mines.
 10543 | D:9      | Reached skill level 10 in Stealth
 10551 | D:9      | Noticed a centaur warrior
 10786 | D:9      | Killed a centaur warrior
 10787 | D:9      | Reached skill level 5 in Fighting
 10787 | D:9      | Reached skill level 1 in Necromancy
 10909 | D:9      | Noticed a tengu warrior
 10952 | D:9      | Killed a tengu warrior
 11165 | D:9      | Identified the +1 falchion "Ejimmui" {flame, Fragile rElec
                  | rN+ rCorr}
 11186 | D:9      | Found a staircase to the Lair.
 11556 | D:9      | Found a broken altar of Ashenzari.
 11659 | D:9      | Noticed a boulder beetle
 11690 | D:9      | Mangled by a boulder beetle

Illustrated notes

Levels and vault maps discovered:
D:1:      minmay_arrival_four_loops, layout_loops_ring,
          shapermc_ecumenical_altar_gd, minmay_rat_gold_closets
D:2:      layout_basic, uniq_terence
D:3:      layout_loops_ring, mainiacjoe_overflow_24_doors,
          grunt_qazlal_sundering, serial_shops, shop, grunt_ministairs_10
D:4:      layout_loops_ring, mainiacjoe_overflow_cross_hatched,
          minmay_temple_entry_slanted
D:5:      layout_basic, xom_redecorated, makhleb_heckhound_becter
D:6:      layout_cave_pools, mainiacjoe_overflow_catwalk, nzn_random_ring
D:7:      layout_basic, lightli_temple_of_fire, fedhas_altar_4, enter_bailey_3,
          serial_demonic, serial_demonic_b, serial_demonic_g, serial_demonic_a,
          serial_demonic_a, serial_demonic_g, serial_demonic_e,
          serial_demonic_d, grunt_ogre_cave, grunt_ministairs_3,
          chequers_serial_rivers_micro_c
D:8:      layout_basic, lemuel_mausoleum_altar_kikubaaqudgha,
          nicolae_ru_the_path_less_chosen, serial_shops, nicolae_square_shop
D:9:      minmay_bloctagon_deflated, layout_irregular_city,
          nicolae_overflow_crystal_walls, overflow_temple_1_default,
          minmay_lair_entry_grove, zombieorc2_lemuel, serial_column_ruins,
          column_ruins_hut, column_ruins_hut, column_ruins_grid_3,
          column_ruins_grid_1, column_ruins_open_medium
Temple:   nicolae_temple_superstar

Skill      XL: |  1  2  3  4  5  6  7  8  9 10 11 |
---------------+----------------------------------+-----
Fighting       | 1 2 3 4 5 |  5.2
Stealth        | 5 6 7 8 9 10 | 10.4
Hexes          | 5 6 7 8 9 |  9.5
Short Blades   | 2 3 4 5 6 |  6.3
Armour         | 1 2 3 4 |  4.7
Dodging        | 3 4 5 6 |  6.9
Throwing       | 1 2 3 4 |  4.4
Evocations     | 1 2 3 4 |  4.7
Spellcasting   | 3 4 5 |  5.5
Invocations    | 1 2 3 4 |  4.7
Necromancy     | 1 |  1.8

Action                     |  1- 3 |  4- 6 |  7- 9 | 10-12 || total
---------------------------+-------+-------+-------+-------++-------
  Melee: Dagger            |    65 |   106 |   367 |   495 ||  1033
         Short sword       |     1 |   123 |     7 |       ||   131
         Bite              |       |    32 |    43 |    88 ||   163
         Punch             |       |       |     6 |     8 ||    14
  Throw: Dart              |       |       |       |    28 ||    28
   Cast: Ensorcelled Hiber |     1 |    24 |    13 |    18 ||    56
         Tukima's Dance    |       |     3 |    26 |    27 ||    56
         Confusing Touch   |       |     1 |    30 |    84 ||   115
         Vampiric Draining |       |       |       |     7 ||     7
         Dazzling Flash    |       |       |       |     3 ||     3
    Use: Potion            |       |     2 |       |     3 ||     5
         Scroll            |       |       |    15 |    10 ||    25
   Stab: Sleeping          |    19 |    23 |    22 |    27 ||    91
         Distracted        |     1 |     1 |     3 |     3 ||     8
         Confused          |       |     2 |    21 |    50 ||    73
         Invisible         |       |       |       |     3 ||     3
 Armour: Robe              |     9 |    37 |    62 |    43 ||   151
  Dodge: Dodged            |    17 |   126 |   252 |   347 ||   742

Table legend: (Time is in decaauts)
 A = Elapsed time spent in this place.
 B = Non-inter-level travel time spent in this place.
 C = Inter-level travel time spent in this place.
 D = Time resting spent in this place.
 E = Time spent auto-exploring this place.
 F = Levels seen in this place.
 G = Mean time per level.
                   A        B        C        D        E       F      G
               +--------+--------+--------+--------+--------+-----+--------+
         Total |  11430 |  11123 |    307 |    250 |   7790 |  11 | 1039.1 |
       Dungeon |  10601 |  10307 |    294 |    250 |   7235 |   9 | 1177.9 |
        Temple |     95 |     82 |     13 |      0 |     67 |   1 |   95.0 |
        Bailey |    732 |    732 |      0 |      0 |    488 |   1 |  732.0 |
               +--------+--------+--------+--------+--------+-----+--------+

Top non-repeatable levels by time:
     D:9: 1870 daAuts
     D:7: 1412 daAuts
     D:8: 1261 daAuts
     D:3: 1216 daAuts
     D:5: 1152 daAuts
     D:6: 1085 daAuts
     D:4: 909 daAuts
     D:1: 894 daAuts
     D:2: 798 daAuts
  Bailey: 732 daAuts
  Temple: 95 daAuts
